[ AOE2 MATCH · #474025770 ]
UnrankedPersians vs Armenians
[ REPLAY ANALYSIS · EXTRACTED FROM THE RECORDED GAME ]
Feudal
9:49
Castle
17:57
Imperial
—
| APM avg | 44.6 |
| APM peak | 76 |
| eAPM avg | 23.9 |
| Villagers / military | 40 / 20 |
Focus
⚔️ 35.3% · 🌾 64.7%
Unknown (2626) ×23 · Fire Galley ×20 · Fishing Ship ×14
Feudal
11:12
Castle
14:42
Imperial
—
| APM avg | 69.1 |
| APM peak | 100 |
| eAPM avg | 38.8 |
| Villagers / military | 56 / 47 |
Focus
⚔️ 38.6% · 🌾 61.4%
Fishing Ship ×65 · Knight ×34 · Unknown (2626) ×17 · Battering Ram ×9 · Monk ×3 · Trade Cog ×1
Feudal
10:37
Castle
14:32
Imperial
—
| APM avg | 53.7 |
| APM peak | 81 |
| eAPM avg | 24.5 |
| Villagers / military | 28 / 5 |
Focus
⚔️ 17.7% · 🌾 82.3%
Fishing Ship ×15 · Unknown (2626) ×7 · War Wagon ×5
Feudal
10:38
Castle
14:32
Imperial
—
| APM avg | 58.5 |
| APM peak | 98 |
| eAPM avg | 31.4 |
| Villagers / military | 46 / 46 |
Focus
⚔️ 39.5% · 🌾 60.5%
Unknown (2626) ×40 · Galley ×34 · Fishing Ship ×33 · Fire Galley ×12
Match map
Initial resources + every placement click. Lines = walls · curves = elevation contours. ◆ gold · ⬟ stone · ● berries · ✦ relic · ◌ wall gap
Your base· ✓ Map-separated
桐月's base· ✓ Map-separated
LuckAss's base· ✓ Map-separated
你知道吗我觉得你真的有点装's base· ✓ Map-separated
Smoothed initial terrain · ◌ = detected wall gap · hover for details
Inputs per minute
— HasmanIII - - 桐月
Build order — HasmanIII
131 actions detected in the replay
| 0:04 | Build | Dock |
| 0:44 | Build | House |
| 1:11 | Build | Town Center |
| 1:33 | Create | Fishing Ship |
| 2:03 | Create | Villager (Male) |
| 2:04 | Create | Villager (Male) |
| 2:04 | Create | Villager (Male) |
| 2:04 | Create | Villager (Male) |
| 2:09 | Create | Villager (Male) |
| 2:27 | Build | House |
| 2:34 | Create | Fishing Ship |
| 2:57 | Build | House |
| 3:09 | Create | Villager (Male) |
| 3:23 | Create | Fishing Ship |
| 3:39 | Create | Villager (Male) |
| 3:54 | Build | Dock |
| 4:03 | Create | Villager (Male) |
| 4:10 | Create | Fishing Ship |
| 4:19 | Research | Loom |
| 4:26 | Build | House |
| 4:27 | Create | Villager (Male) |
| 4:27 | Create | Villager (Male) |
| 4:38 | Create | Fishing Ship |
| 4:46 | Create | Villager (Male) |
| 4:52 | Create | Villager (Male) |
| 4:58 | Build | House |
| 5:04 | Create | Fishing Ship |
| 5:19 | Create | Villager (Male) |
| 5:34 | Build | House |
| 5:37 | Create | Fishing Ship |
| 5:42 | Create | Villager (Male) |
| 5:59 | Create | Fishing Ship |
| 6:04 | Build | Palisade Wall |
| 6:16 | Create | Villager (Male) |
| 6:26 | Create | Fishing Ship |
| 6:28 | Create | Villager (Male) |
| 6:34 | Create | Villager (Male) |
| 6:47 | Create | Fishing Ship |
| 6:49 | Create | Villager (Male) |
| 6:55 | Build | House |
| 7:00 | Create | Fishing Ship |
| 7:00 | Create | Fishing Ship |
| 7:30 | Create | Fishing Ship |
| 7:30 | Create | Fishing Ship |
| 7:45 | Research | Feudal Age |
| 8:11 | Build | Lumber Camp |
| 8:33 | Build | Mining Camp |
| 8:51 | Build | Dock |
| 9:01 | Build | Palisade Wall |
| 9:02 | Build | Palisade Wall |
| 9:30 | Build | Palisade Wall |
| 9:31 | Build | Palisade Wall |
| 9:32 | Build | Palisade Wall |
| 9:33 | Build | Palisade Wall |
| 9:37 | Create | Villager (Male) |
| 9:49 | Age | Feudal Age |
| 9:51 | Create | Unit 2626 ×3 |
| 10:00 | Research | Double-Bit Axe |
| 10:00 | Create | Villager (Male) |
| 10:22 | Create | Villager (Male) |
| 10:25 | Research | Gold Mining |
| 10:27 | Create | Villager (Male) |
| 10:33 | Create | Villager (Male) |
| 10:40 | Create | Unit 2626 |
| 11:02 | Create | Fire Galley ×2 |
| 11:02 | Create | Fire Galley ×2 |
| 11:09 | Build | House |
| 11:10 | Build | House |
| 11:10 | Build | House |
| 11:12 | Research | Town Watch |
| 11:28 | Create | Villager (Male) |
| 11:32 | Create | Fire Galley |
| 11:33 | Create | Villager (Male) |
| 11:44 | Create | Villager (Male) |
| 11:52 | Create | Fire Galley |
| 11:52 | Create | Fire Galley |
| 11:59 | Build | House |
| 12:02 | Create | Villager (Male) |
| 12:19 | Create | Fire Galley |
| 12:21 | Create | Villager (Male) |
| 12:37 | Create | Villager (Male) |
| 12:39 | Research | Tech 906 |
| 13:00 | Create | Villager (Male) |
| 13:08 | Build | Mill |
| 13:14 | Build | House |
| 13:31 | Create | Fire Galley ×2 |
| 13:39 | Create | Villager (Male) |
| 13:44 | Create | Villager (Male) |
| 13:47 | Create | Villager (Male) |
| 14:15 | Create | Unit 2626 ×4 |
| 14:38 | Build | Blacksmith |
| 14:43 | Create | Villager (Male) |
| 15:01 | Build | Market |
| 15:18 | Create | Fire Galley ×2 |
| 15:30 | Research | Castle Age |
| 15:33 | Create | Villager (Male) |
| 15:39 | Build | Mining Camp |
| 15:53 | Build | House |
| 16:00 | Build | House |
| 16:08 | Research | Forging |
| 16:19 | Create | Unit 2626 ×4 |
| 16:33 | Build | Dock |
| 16:50 | Create | Villager (Male) |
| 17:01 | Create | Fire Galley ×4 |
| 17:10 | Build | House |
| 17:25 | Build | Lumber Camp |
| 17:57 | Age | Castle Age |
| 17:58 | Research | War Galley (upgrade) |
| 18:02 | Build | University |
| 18:04 | Research | Iron Casting |
| 18:04 | Research | Iron Casting |
| 18:08 | Create | Unit 2626 |
| 18:08 | Create | Unit 2626 |
| 18:17 | Create | Unit 2626 |
| 18:38 | Build | Fish Trap |
| 18:42 | Research | Careening |
| 18:42 | Research | Careening |
| 18:43 | Create | Villager (Male) |
| 18:53 | Create | Unit 2626 ×3 |
| 18:53 | Create | Unit 2626 ×3 |
| 19:14 | Research | Tech 908 |
| 19:18 | Create | Fire Galley ×2 |
| 19:18 | Create | Fire Galley ×2 |
| 19:28 | Create | Villager (Male) |
| 19:41 | Research | Gillnets |
| 20:09 | Build | Castle |
| 20:29 | Create | Villager (Male) |
| 20:38 | Create | Unit 2626 |
| 20:39 | Create | Unit 2626 |
| 21:06 | Create | Villager (Male) |
| 21:08 | Build | Lumber Camp |
Build order — 桐月
First 150 of 238 actions detected
| 0:06 | Build | House |
| 0:09 | Build | House |
| 0:37 | Build | Dock |
| 0:48 | Build | Town Center |
| 1:49 | Create | Villager (Male) ×5 |
| 1:49 | Create | Villager (Male) ×5 |
| 2:02 | Create | Fishing Ship |
| 2:02 | Create | Fishing Ship |
| 2:29 | Create | Fishing Ship |
| 2:34 | Build | House |
| 2:44 | Create | Villager (Male) |
| 2:45 | Create | Villager (Male) |
| 3:14 | Create | Fishing Ship |
| 3:26 | Create | Villager (Male) |
| 3:27 | Create | Villager (Male) |
| 3:33 | Build | Dock |
| 4:04 | Create | Villager (Male) |
| 4:06 | Create | Fishing Ship |
| 4:06 | Create | Fishing Ship |
| 4:26 | Create | Fishing Ship |
| 4:26 | Create | Fishing Ship |
| 4:32 | Create | Villager (Male) |
| 4:36 | Build | House |
| 4:37 | Build | House |
| 4:49 | Create | Fishing Ship |
| 4:57 | Build | Mule Cart |
| 4:59 | Create | Villager (Male) |
| 5:06 | Create | Fishing Ship |
| 5:28 | Create | Villager (Male) |
| 5:34 | Create | Fishing Ship |
| 5:34 | Create | Fishing Ship |
| 6:14 | Create | Villager (Male) |
| 6:16 | Build | Dock |
| 6:18 | Create | Fishing Ship |
| 6:32 | Create | Fishing Ship |
| 6:33 | Create | Fishing Ship |
| 6:38 | Create | Villager (Male) |
| 6:49 | Create | Fishing Ship |
| 6:52 | Create | Villager (Male) |
| 6:56 | Build | House |
| 6:57 | Build | House |
| 6:59 | Build | House |
| 6:59 | Build | House |
| 7:09 | Build | Mule Cart |
| 7:28 | Build | House |
| 7:39 | Create | Villager (Male) |
| 7:40 | Create | Fishing Ship |
| 7:42 | Create | Fishing Ship |
| 7:44 | Create | Fishing Ship |
| 7:44 | Create | Fishing Ship |
| 8:01 | Create | Fishing Ship |
| 8:05 | Create | Villager (Male) |
| 8:17 | Create | Fishing Ship |
| 8:25 | Create | Fishing Ship |
| 8:28 | Create | Fishing Ship |
| 8:29 | Create | Fishing Ship |
| 8:30 | Create | Villager (Male) |
| 8:38 | Research | Feudal Age |
| 8:39 | Research | Feudal Age |
| 8:49 | Build | Dock |
| 8:54 | Build | House |
| 8:56 | Build | House |
| 8:58 | Build | House |
| 9:15 | Create | Fishing Ship |
| 9:34 | Create | Fishing Ship |
| 9:35 | Create | Fishing Ship |
| 9:36 | Create | Fishing Ship |
| 9:44 | Create | Fishing Ship |
| 9:55 | Build | Barracks |
| 10:34 | Create | Fishing Ship |
| 10:34 | Create | Fishing Ship |
| 10:40 | Create | Fishing Ship ×5 |
| 10:47 | Create | Villager (Male) |
| 10:48 | Research | Loom |
| 11:01 | Build | House |
| 11:12 | Age | Feudal Age |
| 11:14 | Build | Stable |
| 11:16 | Build | Blacksmith |
| 11:21 | Research | Double-Bit Axe |
| 11:24 | Research | Tech 906 |
| 11:32 | Create | Trade Cog |
| 11:35 | Create | Unit 2626 |
| 11:35 | Create | Unit 2626 |
| 11:35 | Create | Unit 2626 |
| 11:41 | Create | Unit 2626 |
| 11:41 | Create | Unit 2626 |
| 11:41 | Create | Unit 2626 |
| 11:49 | Create | Unit 2626 |
| 11:49 | Create | Unit 2626 |
| 11:49 | Create | Unit 2626 |
| 11:59 | Build | House |
| 12:00 | Research | Castle Age |
| 12:01 | Research | Castle Age |
| 12:07 | Build | House |
| 12:15 | Build | Mule Cart |
| 12:20 | Create | Fishing Ship |
| 12:21 | Create | Fishing Ship |
| 12:25 | Create | Fishing Ship |
| 12:26 | Create | Fishing Ship |
| 12:34 | Create | Fishing Ship |
| 12:34 | Create | Fishing Ship |
| 12:34 | Create | Fishing Ship |
| 12:35 | Create | Fishing Ship |
| 12:42 | Create | Unit 2626 |
| 12:42 | Create | Unit 2626 |
| 12:42 | Create | Unit 2626 |
| 12:48 | Research | Fletching |
| 12:48 | Research | Forging |
| 12:57 | Create | Unit 2626 |
| 13:15 | Create | Unit 2626 |
| 13:16 | Create | Unit 2626 |
| 13:16 | Create | Unit 2626 |
| 13:17 | Create | Unit 2626 |
| 13:34 | Research | Bloodlines |
| 13:38 | Build | Stable |
| 13:46 | Create | Villager (Male) |
| 13:48 | Create | Villager (Male) |
| 14:00 | Create | Fishing Ship |
| 14:00 | Create | Fishing Ship |
| 14:01 | Create | Fishing Ship |
| 14:18 | Create | Fishing Ship |
| 14:18 | Create | Fishing Ship |
| 14:26 | Build | House |
| 14:27 | Build | House |
| 14:27 | Build | House |
| 14:28 | Build | House |
| 14:30 | Research | Scale Barding Armor |
| 14:42 | Age | Castle Age |
| 14:44 | Build | Siege Workshop |
| 14:45 | Research | Bow Saw |
| 14:47 | Research | Husbandry |
| 14:47 | Create | Knight |
| 14:48 | Create | Knight |
| 14:49 | Create | Warrior Priest |
| 14:58 | Create | Monk |
| 15:02 | Build | House |
| 15:03 | Build | House |
| 15:07 | Build | Town Center |
| 15:09 | Create | Villager (Male) |
| 15:10 | Create | Knight |
| 15:19 | Create | Villager (Male) |
| 15:20 | Create | Battering Ram |
| 15:33 | Create | Battering Ram |
| 15:49 | Create | Battering Ram |
| 15:57 | Create | Knight |
| 15:59 | Create | Knight |
| 16:04 | Create | Villager (Male) |
| 16:18 | Create | Monk |
| 16:18 | Create | Monk |
| 16:20 | Create | Villager (Male) |
Build order — LuckAss
92 actions detected in the replay
| 0:25 | Build | Dock |
| 0:27 | Build | House |
| 0:42 | Build | House |
| 0:44 | Build | House |
| 1:32 | Build | Town Center |
| 2:22 | Create | Fishing Ship |
| 2:22 | Create | Fishing Ship |
| 2:27 | Create | Villager (Male) |
| 2:27 | Create | Villager (Male) |
| 2:28 | Create | Villager (Male) |
| 3:21 | Create | Fishing Ship |
| 3:23 | Create | Villager (Male) |
| 3:43 | Build | House |
| 3:44 | Create | Fishing Ship |
| 3:48 | Create | Villager (Male) |
| 4:18 | Build | House |
| 4:39 | Create | Villager (Male) |
| 4:41 | Create | Fishing Ship |
| 4:59 | Create | Villager (Male) |
| 5:13 | Build | Dock |
| 5:18 | Create | Villager (Male) |
| 5:40 | Create | Fishing Ship |
| 5:55 | Create | Fishing Ship |
| 6:12 | Research | Loom |
| 6:13 | Create | Villager (Male) |
| 6:37 | Create | Fishing Ship |
| 6:39 | Create | Fishing Ship |
| 6:50 | Create | Villager (Male) |
| 6:57 | Build | House |
| 7:09 | Build | House |
| 7:13 | Create | Villager (Male) |
| 7:17 | Create | Fishing Ship |
| 7:36 | Build | Mill |
| 7:44 | Create | Villager (Male) |
| 8:00 | Create | Fishing Ship |
| 8:10 | Create | Fishing Ship |
| 8:27 | Research | Feudal Age |
| 8:28 | Research | Feudal Age |
| 8:45 | Build | Lumber Camp |
| 8:56 | Create | Fishing Ship |
| 9:50 | Create | Fishing Ship |
| 9:55 | Create | Fishing Ship |
| 10:08 | Create | Villager (Male) |
| 10:31 | Build | House |
| 10:37 | Age | Feudal Age |
| 10:42 | Build | Market |
| 10:46 | Build | Blacksmith |
| 10:52 | Create | Villager (Male) |
| 11:03 | Create | Unit 2626 |
| 11:18 | Create | Unit 2626 |
| 11:25 | Create | Villager (Male) |
| 11:42 | Build | Mining Camp |
| 11:46 | Research | Castle Age |
| 12:04 | Research | Double-Bit Axe |
| 12:04 | Research | Double-Bit Axe |
| 12:27 | Build | Outpost |
| 12:31 | Research | Tech 906 |
| 12:37 | Create | Unit 2626 |
| 13:12 | Create | Unit 2626 |
| 13:33 | Create | Unit 2626 |
| 13:35 | Create | Villager (Male) |
| 13:40 | Build | Outpost |
| 13:43 | Research | Town Watch |
| 13:46 | Build | House |
| 13:47 | Build | House |
| 14:05 | Create | Unit 2626 |
| 14:05 | Create | Unit 2626 |
| 14:32 | Age | Castle Age |
| 14:36 | Create | Villager (Male) |
| 14:51 | Build | Castle |
| 15:04 | Create | Villager (Male) |
| 15:07 | Research | War Galley (upgrade) |
| 15:33 | Create | Villager (Male) |
| 16:36 | Create | Villager (Male) |
| 16:37 | Create | War Wagon |
| 16:43 | Build | Watch Tower |
| 16:58 | Create | Villager (Male) |
| 17:02 | Create | War Wagon |
| 17:04 | Create | Villager (Male) |
| 17:17 | Create | War Wagon |
| 17:40 | Create | Villager (Male) |
| 17:55 | Create | War Wagon |
| 17:58 | Create | Villager (Male) |
| 18:01 | Build | Mining Camp |
| 18:05 | Research | Fletching |
| 18:39 | Research | Bodkin Arrow |
| 18:46 | Build | Dock |
| 18:53 | Create | War Wagon |
| 19:14 | Create | Villager (Male) |
| 19:14 | Create | Villager (Male) |
| 19:28 | Create | Villager (Male) |
| 19:28 | Create | Villager (Male) |
Build order — 你知道吗我觉得你真的有点装
First 150 of 168 actions detected
| 0:09 | Build | Dock |
| 0:29 | Build | House |
| 0:31 | Build | House |
| 1:01 | Build | Town Center |
| 1:23 | Research | Double-Bit Axe |
| 1:23 | Research | Double-Bit Axe |
| 1:57 | Create | Villager (Male) |
| 1:57 | Create | Villager (Male) |
| 1:57 | Create | Villager (Male) |
| 2:17 | Create | Fishing Ship |
| 2:18 | Create | Fishing Ship |
| 2:38 | Create | Villager (Male) |
| 2:39 | Create | Fishing Ship |
| 3:15 | Research | Loom |
| 3:23 | Build | Dock |
| 3:34 | Create | Villager (Male) |
| 3:34 | Create | Villager (Male) |
| 3:41 | Create | Fishing Ship |
| 3:49 | Build | House |
| 4:01 | Create | Fishing Ship |
| 4:02 | Create | Fishing Ship |
| 4:02 | Create | Fishing Ship |
| 4:14 | Create | Villager (Male) |
| 4:14 | Create | Villager (Male) |
| 4:29 | Create | Fishing Ship |
| 4:41 | Build | House |
| 4:43 | Create | Villager (Male) |
| 4:43 | Create | Villager (Male) |
| 4:43 | Create | Villager (Male) |
| 4:44 | Create | Villager (Male) |
| 4:44 | Create | Fishing Ship |
| 5:03 | Create | Villager (Male) |
| 5:03 | Create | Villager (Male) |
| 5:04 | Create | Fishing Ship |
| 5:05 | Create | Fishing Ship |
| 5:05 | Create | Fishing Ship |
| 5:24 | Create | Fishing Ship |
| 5:24 | Create | Fishing Ship |
| 5:24 | Create | Villager (Male) |
| 5:25 | Create | Villager (Male) |
| 5:25 | Create | Villager (Male) |
| 5:43 | Create | Fishing Ship |
| 5:43 | Create | Fishing Ship |
| 5:43 | Create | Fishing Ship |
| 5:44 | Create | Villager (Male) |
| 5:46 | Build | House |
| 5:58 | Create | Villager (Male) |
| 5:58 | Create | Villager (Male) |
| 6:08 | Create | Villager (Male) |
| 6:10 | Create | Fishing Ship |
| 6:10 | Create | Fishing Ship |
| 6:21 | Create | Villager (Male) |
| 6:41 | Research | Tech 906 |
| 6:42 | Create | Villager (Male) |
| 7:04 | Create | Fishing Ship |
| 7:22 | Build | Dock |
| 7:34 | Build | House |
| 7:39 | Create | Villager (Male) |
| 8:11 | Create | Villager (Male) |
| 8:25 | Create | Fishing Ship |
| 8:26 | Research | Feudal Age |
| 8:26 | Research | Feudal Age |
| 8:53 | Create | Fishing Ship |
| 8:53 | Create | Fishing Ship |
| 8:54 | Create | Fishing Ship |
| 9:11 | Build | Mill |
| 9:13 | Build | House |
| 9:29 | Create | Fishing Ship |
| 9:30 | Create | Fishing Ship |
| 9:30 | Create | Fishing Ship |
| 9:30 | Create | Fishing Ship |
| 9:42 | Build | House |
| 10:05 | Create | Villager (Male) |
| 10:05 | Create | Villager (Male) |
| 10:38 | Age | Feudal Age |
| 10:41 | Build | Market |
| 10:44 | Build | Blacksmith |
| 10:54 | Create | Galley |
| 10:55 | Create | Galley |
| 11:12 | Create | Unit 2626 |
| 11:12 | Create | Unit 2626 |
| 11:13 | Create | Unit 2626 ×2 |
| 11:51 | Create | Galley |
| 11:51 | Create | Galley |
| 11:52 | Research | Castle Age |
| 12:10 | Build | Dock |
| 12:23 | Create | Galley |
| 12:23 | Create | Galley |
| 12:25 | Research | Fletching |
| 12:36 | Build | House |
| 12:37 | Build | House |
| 12:46 | Create | Galley |
| 12:47 | Create | Galley |
| 12:47 | Create | Galley |
| 12:47 | Create | Galley |
| 12:47 | Create | Galley |
| 12:50 | Create | Unit 2626 |
| 12:50 | Create | Unit 2626 |
| 12:51 | Create | Unit 2626 |
| 13:17 | Create | Galley |
| 13:17 | Create | Galley |
| 13:23 | Research | Bow Saw |
| 13:40 | Create | Galley ×2 |
| 14:29 | Create | Galley |
| 14:32 | Age | Castle Age |
| 14:35 | Create | Villager (Male) |
| 14:35 | Create | Villager (Male) |
| 14:41 | Research | War Galley (upgrade) |
| 14:41 | Research | War Galley (upgrade) |
| 15:02 | Create | Unit 2626 ×5 |
| 15:02 | Create | Unit 2626 ×5 |
| 15:25 | Create | Villager (Male) |
| 15:31 | Create | Unit 2626 |
| 15:43 | Create | Villager (Male) |
| 15:51 | Create | Unit 2626 |
| 15:52 | Create | Villager (Male) |
| 15:53 | Create | Villager (Male) |
| 16:00 | Create | Fishing Ship |
| 16:01 | Create | Fishing Ship |
| 16:01 | Create | Fishing Ship |
| 16:01 | Create | Fishing Ship |
| 16:01 | Create | Fishing Ship |
| 16:18 | Create | Villager (Male) |
| 16:18 | Create | Villager (Male) |
| 16:20 | Build | House |
| 16:21 | Build | House |
| 16:29 | Build | Lumber Camp |
| 16:31 | Create | Unit 2626 ×2 |
| 16:31 | Create | Unit 2626 ×2 |
| 16:32 | Create | Unit 2626 ×2 |
| 16:45 | Build | House |
| 16:57 | Create | Villager (Male) |
| 17:09 | Create | Galley ×2 |
| 17:09 | Create | Galley ×2 |
| 17:23 | Create | Villager (Male) |
| 17:28 | Create | Galley ×2 |
| 17:28 | Create | Galley ×2 |
| 17:41 | Create | Unit 2626 |
| 17:42 | Create | Unit 2626 |
| 17:50 | Create | Villager (Male) |
| 17:51 | Create | Villager (Male) |
| 17:53 | Build | House |
| 17:54 | Build | House |
| 17:54 | Build | House |
| 18:07 | Create | Fire Galley ×3 |
| 18:07 | Create | Fire Galley ×3 |
| 18:14 | Research | Bodkin Arrow |
| 18:14 | Research | Bodkin Arrow |
| 18:15 | Research | Bodkin Arrow |
| 19:12 | Create | Villager (Male) |
Match timeline
| 0:04 | HasmanIII · first_building Dock |
| 0:09 | 你知道吗我觉得你真的有点装 · first_building Dock |
| 0:25 | LuckAss · first_building Dock |
| 0:37 | 桐月 · first_building Dock |
| 6:04 | HasmanIII · wall_segment Palisade Wall x4 |
| 9:01 | HasmanIII · wall_segment Palisade Wall x1 |
| 9:02 | HasmanIII · wall_segment Palisade Wall x1 |
| 9:30 | HasmanIII · wall_segment Palisade Wall x1 |
| 9:31 | HasmanIII · wall_segment Palisade Wall x1 |
| 9:32 | HasmanIII · wall_segment Palisade Wall x1 |
| 9:33 | HasmanIII · wall_segment Palisade Wall x1 |
| 9:49 | HasmanIII · age_up feudal |
| 9:55 | 桐月 · first_building Barracks |
| 10:37 | LuckAss · age_up feudal |
| 10:38 | 你知道吗我觉得你真的有点装 · age_up feudal |
| 11:12 | 桐月 · age_up feudal |
| 11:14 | 桐月 · first_building Stable |
| 14:32 | 你知道吗我觉得你真的有点装 · age_up castle |
| 14:32 | LuckAss · age_up castle |
| 14:40 | 你知道吗我觉得你真的有点装 · first_market_sell 500 food |
| 14:42 | 桐月 · age_up castle |
| 14:44 | 桐月 · first_building Siege Workshop |
| 14:51 | LuckAss · first_building Castle |
| 15:05 | LuckAss · first_market_sell 100 food |
| 16:21 | 桐月 · first_building Monastery |
| 16:30 | HasmanIII · first_market_buy 100 wood |
| 17:01 | 你知道吗我觉得你真的有点装 · first_market_buy 100 food |
| 17:57 | HasmanIII · age_up castle |
| 19:56 | HasmanIII · first_market_sell 100 wood |
| 20:09 | HasmanIII · first_building Castle |
| 21:17 | LuckAss · resign |
[ AI ANALYSIS · 1 CREDIT ]
What really happened in this match?
Wolo.gg analyzes every decision: build order, eco, micro, common mistakes by bracket. Personalized analysis on WhatsApp or Discord in 30 seconds.
Civ guide
Persians
Perfil
HasmanIII